Map: Post-Youth LE

Players

joelricardo

  • Race: Protoss Protoss
  • League: Platinum
  • Spawn Location: 7:00

ohmygodism - Winner!

  • Race: Protoss Protoss
  • League: Platinum
  • Spawn Location: 1:00

VOD

Have the link to the VOD?

Description

Time

  • Played on: Oct. 16, 2024, 10:12 a.m.
  • Length: 24:05
Show
View Real Time Build Order
Export as new Build Order

joelricardo Protoss 

Build Orders: Carriers 

Get SALT Encoding   

  12  0:04  Probe  
  13  0:16  Probe  
  14  0:21  Pylon  
  15  0:28  Probe  
  15  0:40  Probe  
  16  0:43  Forge  
  16  0:47  Assimilator  
  16  1:03  Pylon  
  16  1:45  Photon Cannon  
  16  1:46  Pylon  
  16  1:51  Pylon  
  15  2:02  Gateway  
  15  2:07  Probe  
  16  2:19  Probe  
  17  2:30  Nexus  
  17  2:40  Photon Cannon  
  17  2:43  Probe  
  18  2:52  Assimilator  
  18  2:55  Probe  
  19  3:06  Cybernetics Core  
  19  3:13  Probe  
  19  3:15  Pylon  
  20  3:25  Probe  
  21  3:37  Pylon  
  21  3:40  Probe  
  22  3:44  Probe  
  23  3:52  Stargate, Probe  
  24  3:56  Probe  
  24  4:01  Photon Cannon  
  25  4:07  Probe  
  25  4:08  Probe  
  27  4:16  Photon Cannon  
  27  4:19  Probe  
  27  4:23  Photon Cannon  
  28  4:26  Warp Gate  
  28  4:32  Shield Battery  
  28  4:38  Oracle  
  28  4:42  Probe  
  32  4:47  Assimilator  
  32  4:50  Assimilator  
  32  4:53  Probe  
  32  4:54  Probe  
  34  5:02  Pylon  
  34  5:06  Probe x2  
  36  5:11  Photon Cannon  
  36  5:18  Probe x2  
  38  5:28  Phoenix  
  40  5:30  Probe x2  
  40  5:35  Photon Cannon  
  42  5:38  Photon Cannon  
  42  5:42  Probe  
  43  5:45  Stargate  
  43  5:54  Probe  
  52  6:40  Void Ray x2  
  52  6:45  Probe  
  53  6:51  Pylon  
  53  6:52  Stalker  
  55  6:58  Probe  
  56  7:05  Pylon  
  54  7:12  Robotics Facility  
  54  7:17  Probe  
  54  7:21  Nexus  
  55  7:24  Photon Cannon  
  55  7:29  Photon Cannon  
  55  7:31  Photon Cannon  
  55  7:36  Pylon  
  55  7:39  Photon Cannon  
  55  7:42  Cybernetics Core  
  53  8:15  Pylon  
  53  8:32  Observer  
  55  8:38  Void Ray  
  55  9:04  Nexus  
  54  9:10  Pylon  
  54  9:18  Nexus  
  54  9:30  Observer  
  55  9:41  Forge  
  55  9:49  Gateway  
  55  9:55  Pylon  
  55  9:57  Shield Battery  
  55  10:02  Assimilator  
  55  10:05  Assimilator  
  55  10:13  Observer  
  60  10:18  Pylon  
  60  10:19  Void Ray, Probe  
  65  10:22  Void Ray  
  65  10:27  Pylon  
  65  10:30  Probe  
  65  10:31  Probe  
  67  10:36  Observer  
  69  10:42  Probe  
  69  10:43  Probe  
  69  10:48  Pylon  
  66  10:54  Probe  
  66  10:55  Probe  
  68  10:57  Photon Cannon  
  68  11:07  Probe x2  
  68  11:09  Photon Cannon  
  70  11:11  Shield Battery  
  70  11:14  Photon Cannon  
  70  11:19  Probe  
  70  11:21  Photon Cannon  
  71  11:31  Probe  
  72  11:40  Probe  
  72  11:45  Photon Cannon  
  73  11:47  Shield Battery  
  73  11:50  Photon Cannon  
  73  11:52  Probe  
  74  11:59  Photon Cannon  
  74  12:02  Photon Cannon  
  74  12:04  Photon Cannon, Probe  
  79  12:16  Probe  
  79  12:21  Void Ray  
  80  12:28  Photon Cannon  
  80  12:29  Probe  
  81  12:33  Stargate  
  81  12:34  Assimilator  
  81  12:37  Assimilator  
  81  12:41  Probe  
  82  12:47  Probe  
  83  12:53  Fleet Beacon, Probe  
  84  12:59  Probe  
  84  13:05  Probe  
  86  13:11  Probe  
  87  13:15  Stargate  
  87  13:17  Probe  
  88  13:23  Probe  
  89  13:29  Probe, Observer  
  91  13:35  Probe  
  91  13:38  Carrier  
  98  13:41  Probe  
  98  13:47  Observer  
  100  13:53  Probe  
  101  13:59  Nexus  
  101  14:02  Pylon  
  101  14:05  Probe, Pylon  
  101  14:06  Carrier x2  
  114  14:15  Shield Battery  
  114  14:17  Probe  
  114  14:21  Carrier  
  121  14:25  Photon Cannon  
  121  14:27  Photon Cannon  
  121  14:30  Probe, Shield Battery  
  122  14:32  Photon Cannon  
  122  14:35  Shield Battery  
  122  14:39  Pylon  
  122  14:42  Photon Cannon, Probe  
  123  14:45  Photon Cannon  
  123  14:49  Photon Cannon  
  123  14:54  Probe  
  124  15:00  Probe  
  124  15:04  Assimilator  
  125  15:12  Carrier x2, Probe  
  138  15:24  Probe  
  138  15:25  Assimilator  
  138  15:27  Probe  
  140  15:33  Carrier  
  146  15:36  Probe  
  146  15:39  Probe  
  148  15:49  Probe  
  149  15:51  Carrier, Probe  
  156  16:14  Stargate  
  156  16:17  Stargate  
  156  16:22  Stargate  
  156  16:24  Pylon  
  156  16:26  Pylon  
  156  16:28  Pylon  
  156  16:35  Pylon  
  156  16:37  Pylon  
  156  16:39  Pylon  
  156  16:42  Probe  
  156  16:44  Carrier  
  156  16:46  Carrier  
  175  16:52  Mothership  
  175  16:53  Carrier  
  181  16:54  Probe  
  181  16:55  Observer  
  183  17:05  Carrier x2  
  183  17:08  Protoss Shields Level 1  
  195  17:14  Shield Battery  
  195  17:17  Photon Cannon  
  195  17:22  Photon Cannon  
  195  17:24  Shield Battery  
  195  17:39  Shield Battery  
  195  17:40  Pylon  
  195  17:55  Photon Cannon  
  195  18:00  Photon Cannon  
  195  18:04  Photon Cannon  
  195  18:05  Shield Battery  
  195  18:07  Protoss Air Weapons Level 1  
  195  18:09  Shield Battery  
  195  18:10  Pylon  
  195  18:13  Photon Cannon  
  195  18:27  Photon Cannon  
  195  18:29  Pylon  
  195  18:30  Shield Battery  
  193  19:13  Photon Cannon  
  193  19:15  Photon Cannon  
  181  19:34  Photon Cannon  
  181  19:36  Photon Cannon  
  95  20:15  Protoss Air Armor Level 1  
  95  20:20  Carrier  
  95  20:21  Carrier x6  
  131  20:29  Pylon  
  131  20:31  Pylon  
  131  20:36  Pylon  
  131  20:43  Nexus  
  131  20:44  Shield Battery  
  131  20:48  Pylon  
  131  20:52  Pylon  
  131  20:54  Assimilator  
  131  20:55  Pylon  
  131  21:14  Photon Cannon  
  131  21:15  Photon Cannon  
  131  21:18  Shield Battery  
  131  21:25  Carrier  
  136  21:27  Photon Cannon  
  136  21:31  Pylon  
  136  21:35  Tempest  
  141  21:52  Photon Cannon  
  141  21:55  Probe  
  142  22:07  Probe  
  143  22:17  Assimilator  
  143  22:26  Nexus  
  143  22:43  Shield Battery  
  143  22:51  Pylon  
  143  22:53  Nexus  
  143  22:55  Pylon  
  143  23:00  Carrier x2  
  154  23:34  Photon Cannon  
Show
View Real Time Build Order
Export as new Build Order

ohmygodism Protoss - Winner!

Build Orders: Forge Fast Expand (FFE), Carriers 

Get SALT Encoding   

  12  0:00  Probe (Chrono Boost)  
  13  0:11  Probe (Chrono Boost)  
  14  0:17  Probe (Chrono Boost)  
  15  0:25  Pylon  
  15  0:35  Assimilator  
  15  0:43  Probe  
  15  0:45  Forge  
  16  1:01  Pylon  
  16  1:22  Photon Cannon  
  15  1:36  Nexus  
  15  1:47  Gateway  
  15  2:19  Assimilator  
  15  2:38  Pylon  
  15  2:44  Cybernetics Core  
  15  2:46  Probe (Chrono Boost)  
  17  2:53  Probe (Chrono Boost)  
  17  2:55  Zealot  
  17  2:56  Probe (Chrono Boost)  
  20  3:01  Probe (Chrono Boost)  
  20  3:03  Probe (Chrono Boost)  
  22  3:10  Probe (Chrono Boost)  
  22  3:12  Probe (Chrono Boost)  
  24  3:20  Warp Gate  
  24  3:43  Probe  
  24  3:44  Nexus  
  25  3:55  Twilight Council  
  25  4:03  Probe (Chrono Boost)  
  25  4:05  Robotics Facility  
  27  4:10  Probe (Chrono Boost)  
  27  4:14  Probe (Chrono Boost)  
  29  4:18  Probe (Chrono Boost)  
  29  4:22  Gateway  
  29  4:28  Gateway  
  29  4:39  Dark Shrine  
  29  4:43  Pylon  
  29  4:47  Assimilator  
  29  4:49  Assimilator  
  29  4:52  Observer  
  30  4:56  Probe (Chrono Boost)  
  31  5:06  Charge, Probe (Chrono Boost)  
  32  5:12  Probe (Chrono Boost)  
  34  5:15  Probe (Chrono Boost)  
  34  5:19  Probe (Chrono Boost)  
  36  5:22  Probe (Chrono Boost)  
  36  5:23  Warp Prism  
  36  5:27  Probe (Chrono Boost)  
  40  5:30  Probe (Chrono Boost)  
  40  5:32  Probe (Chrono Boost)  
  41  5:38  Gateway  
  41  5:40  Probe  
  42  5:42  Gateway  
  42  5:53  Dark Templar  
  42  5:54  Dark Templar x2  
  38  6:16  Pylon  
  34  6:26  Pylon  
  34  6:36  Pylon  
  34  7:09  Dark Templar  
  34  7:10  Dark Templar x3  
  34  7:11  Dark Templar  
  36  7:42  Dark Templar  
  36  8:12  Dark Templar  
  36  8:14  Zealot x2  
  36  8:15  Zealot  
  36  8:16  Zealot  
  30  8:56  Dark Templar  
  30  8:57  Dark Templar  
  30  9:15  Photon Cannon  
  30  9:16  Photon Cannon  
  30  9:19  Photon Cannon  
  30  9:25  Probe (Chrono Boost)  
  30  9:29  Photon Cannon  
  30  9:30  Photon Cannon  
  31  9:31  Photon Cannon  
  31  9:32  Photon Cannon  
  31  9:34  Photon Cannon  
  31  9:37  Probe (Chrono Boost), Pylon x2  
  32  9:40  Probe (Chrono Boost)  
  34  9:47  Probe (Chrono Boost)  
  34  9:49  Probe x2 (Chrono Boost)  
  36  9:57  Probe (Chrono Boost)  
  37  10:05  Probe (Chrono Boost)  
  38  10:11  Photon Cannon  
  39  10:15  Probe (Chrono Boost)  
  39  10:17  Photon Cannon  
  39  10:20  Probe (Chrono Boost)  
  40  10:32  Probe  
  41  10:40  Dark Templar x3  
  45  11:01  Dark Templar x2  
  49  11:15  Stargate x2  
  49  11:19  Stargate x2  
  39  11:44  Stalker x2  
  39  11:45  Stalker x3  
  47  11:48  Probe (Chrono Boost)  
  48  11:57  Probe (Chrono Boost)  
  48  11:59  Probe (Chrono Boost)  
  50  12:04  Probe (Chrono Boost)  
  50  12:06  Probe (Chrono Boost)  
  52  12:09  Fleet Beacon  
  52  12:18  Assimilator  
  52  12:20  Assimilator  
  52  12:24  Shield Battery  
  52  12:25  Shield Battery  
  52  12:29  Probe (Chrono Boost)  
  53  12:33  Observer  
  54  12:39  Probe (Chrono Boost)  
  54  12:40  Stalker  
  54  12:41  Stalker  
  59  12:44  Probe (Chrono Boost)  
  59  12:45  Stalker  
  62  12:56  Probe (Chrono Boost)  
  63  13:03  Tempest  
  69  13:06  Probe (Chrono Boost), Tempest  
  69  13:11  Probe (Chrono Boost)  
  74  13:14  Tempest  
  80  13:23  Tempest  
  85  13:38  Observer  
  86  13:46  Tempest  
  91  13:49  Tempest  
  91  13:50  Probe  
  97  14:01  Tempest  
  97  14:02  Probe  
  101  14:03  Nexus  
  101  14:38  Probe  
  102  14:42  Pylon  
  102  14:43  Pylon  
  102  14:45  Pylon  
  102  14:47  Carrier  
  102  14:48  Pylon  
  102  14:50  Probe  
  108  15:00  Carrier  
  108  15:02  Probe  
  115  15:19  Assimilator  
  115  15:23  Assimilator  
  115  15:33  Nexus  
  115  15:37  Assimilator  
  115  15:40  Assimilator  
  115  15:44  Pylon x2  
  115  15:48  Carrier  
  115  15:49  Carrier  
  127  15:52  Unknown  
  127  15:54  Zealot x4  
  127  15:55  Zealot  
  137  16:24  Carrier  
  137  16:25  Carrier  
  149  16:45  Probe (Chrono Boost)  
  150  16:51  Probe (Chrono Boost)  
  150  16:52  Carrier  
  159  16:55  Probe (Chrono Boost)  
  159  16:56  Probe (Chrono Boost)  
  159  17:00  Probe x2 (Chrono Boost)  
  161  17:04  Probe (Chrono Boost)  
  161  17:05  Probe x2 (Chrono Boost)  
  172  17:08  Probe (Chrono Boost)  
  172  17:09  Probe (Chrono Boost)  
  172  17:12  Carrier (Chrono Boost)  
  172  17:13  Probe x2 (Chrono Boost)  
  172  17:15  Probe x2 (Chrono Boost)  
  176  17:17  Probe x2 (Chrono Boost)  
  184  17:22  Pylon  
  184  17:24  Pylon, Probe x2  
  184  17:27  Pylon  
  184  17:28  Probe  
  184  17:29  Mothership  
  187  17:40  Probe  
  188  17:51  Carrier (Chrono Boost)  
  188  17:52  Carrier (Chrono Boost)  
  200  18:00  Protoss Shields Level 1 (Chrono Boost)  
  200  18:10  Protoss Air Weapons Level 1  
  200  18:12  Cybernetics Core  
  200  18:15  Forge  
  200  18:21  Shadow Stride  
  93  20:15  Carrier x4  
  102  20:25  Protoss Shields Level 2 (Chrono Boost)  
  102  20:27  Protoss Ground Weapons Level 1 (Chrono Boost)  
  97  20:30  Protoss Air Armor Level 1  
  97  20:32  Protoss Air Weapons Level 2  
  97  20:46  Pylon  
  97  20:48  Stargate  
  97  20:49  Stargate, Pylon  
  97  20:54  Stargate  
  97  20:55  Stargate, Zealot x3  
  97  20:56  Stargate, Zealot x2  
  107  20:57  Stargate  
  107  21:07  Observer  
  108  21:37  Carrier x3  
  108  21:38  Carrier  
  132  21:41  Carrier x2  
  132  21:42  Carrier  
  132  21:43  Carrier x2  
  164  21:47  Carrier  
  158  22:30  Pylon x2  
  158  22:33  Pylon  
  158  22:34  Pylon  
  158  22:50  Carrier x3  
  158  22:51  Carrier x2  
  182  22:56  Carrier  
  194  23:19  Nexus  
  194  23:22  Nexus  
Tags
 
Add a new tag
Caveats
  • Supply blocks, unpowered buildings, or Contaminate may cause inaccurate times.
  • Supply counts are checked every 10 seconds.